 Dungeon Crawl Stone Soup version 0.29.1-4-g47bece8355 (webtiles) character file.

Game seed: 10837060571891740522

70 styxcanada the Sneak (level 4, -2/23 HPs)
             Began as a Spriggan Brigand on Dec 9, 2022.
             Killed from afar by Sigmund (5 damage)
             ... with a magic dart
             ... on level 2 of the Dungeon.
             The game lasted 00:07:48 (2671 turns).

styxcanada the Sneak (Spriggan Brigand)             Turns: 2671, Time: 00:07:48

Health: -2/23      AC:  4    Str:  7    XL:     4   Next: 4%
Magic:  5/5        EV: 17    Int: 12    God:
Gold:   4          SH:  0    Dex: 18    Spells: 3/3 levels left

rFire   . . .      SeeInvis +   a - +2 dagger
rCold   . . .      Faith    .   (no shield)
rNeg    . . .      Spirit   .   b - +0 robe
rPois   .          Reflect  .   k - +1 hat
rElec   .          Harm     .   c - +0 cloak
rCorr   .          Rampage  .   (gloves unavailable)
Will    .....                   (boots unavailable)
Stlth   ++++......              (no amulet)
HPRegen 0.07/turn               h - ring of wizardry
MPRegen 0.09/turn               (no ring)

@: very quick
A: very small, no large weapons, unfitting armour, see invisible, speed 3
a: no special abilities


You were on level 2 of the Dungeon.
You visited 1 branch of the dungeon, and saw 2 of its levels.

You collected 83 gold pieces.
You spent 79 gold pieces at shops.

Inventory:

Hand Weapons
 a - a +2 dagger (weapon)
 n - a +0 sling
Missiles
 d - 3 poisoned darts (quivered)
 e - a curare-tipped dart
 f - 5 stones
Armour
 b - a +0 robe (worn)
 c - a +0 cloak (worn)
 j - an orb of wrath
 k - a +1 hat (worn)
Jewellery
 h - a ring of wizardry (left hand)
Scrolls
 g - a scroll of magic mapping
 o - a scroll of identify {unknown}
 q - a scroll of immolation {unknown}
Potions
 i - 2 potions of lignification {unknown}
 l - a potion of berserk rage {unknown}
 m - a potion of curing {unknown}
 p - a potion of haste {unknown}
 r - a potion of brilliance {unknown}
 s - a potion of magic {unknown}


   Skills:
 * Level 1.8 Fighting
 + Level 2.5 Short Blades
 + Level 2.1 Throwing
 * Level 2.6 Dodging
 * Level 7.4 Stealth


You had 3 spell levels left.
You didn't know any spells.
Your spell library contained the following spells:

 Spells                   Type           Power      Damage    Failure   Level
 Static Discharge         Conj/Air       0%         3-3/arc   21%         2
 Lightning Bolt           Conj/Air       0%         1d11      97%         5
 Maxwell's Capacitive Co  Air            0%         ∞         100%        8


Dungeon Overview and Level Annotations

Branches:
Dungeon (2/15)

Altars:

Shops:
D:1 !   D:2 *

Annotations:
D:2 Sigmund


Innate Abilities, Weirdness & Mutations

You are very small and have problems with some larger weapons.
You are too small for most types of armour.
You have supernaturally acute eyesight. (SInv)
You cover ground extremely quickly. (Speed+++)


Message History

Press: ? - help, Q - select action, (/) - cycle Shift-Dir - straight line, f/p - Sigmund
Aim: Sigmund, wielding a +0 scythe and wearing the +0 leather armour of Midsummer {rPois} (severely wounded, 58% to hit)
You throw a poisoned dart.
The poisoned dart closely misses Sigmund.
Throw: 2 darts (poison)
Press: ? - help, Q - select action, (/) - cycle Shift-Dir - straight line, f/p - Sigmund
Aim: Sigmund, wielding a +0 scythe and wearing the +0 leather armour of Midsummer {rPois} (severely wounded, 58% to hit)
You throw a poisoned dart. The poisoned dart hits Sigmund.
Sigmund is severely wounded.
Throw: dart (poison)
Press: ? - help, Q - select action, (/) - cycle Shift-Dir - straight line, f/p - Sigmund
Aim: Sigmund, wielding a +0 scythe and wearing the +0 leather armour of Midsummer {rPois} (severely wounded, 58% to hit)
You throw a poisoned dart. The poisoned dart hits Sigmund.
Sigmund is poisoned.
Sigmund is severely wounded.
Sigmund casts a spell at you.
The magic dart hits you but does no damage.
Sigmund screams, "I am the angel of ZOT!!!"
There is an escape hatch in the ceiling here.
d - a poisoned dart You see here an adder corpse.
d - 3 poisoned darts (gained 2)
d - 4 poisoned darts (gained 1)
d - 5 poisoned darts (gained 1)
You start resting.
Sigmund is nearby!
Throw: 5 darts (poison)
Press: ? - help, Q - select action, (/) - cycle Shift-Dir - straight line, f/p - Sigmund
Aim: Sigmund, wielding a +0 scythe and wearing the +0 leather armour of Midsummer {rPois} (almost dead, 58% to hit)
You throw a poisoned dart. The poisoned dart hits Sigmund.
Sigmund is almost dead.
Sigmund casts a spell at you. The puff of flame misses you.
Throw: 4 darts (poison)
Press: ? - help, Q - select action, (/) - cycle Shift-Dir - straight line, f/p - Sigmund
Aim: Sigmund, wielding a +0 scythe and wearing the +0 leather armour of Midsummer {rPois} (almost dead, 58% to hit)
You throw a poisoned dart.
The poisoned dart closely misses Sigmund.
Sigmund casts a spell at you. The magic dart hits you.
You die...

##### ########### #...#
#.@†......# ###.#.###
#.#######.# ##...#...# #.#
#.#
...#####.######.#######.###
##...#...#...##.#@8.∩.<.8.#
###.#.###...........##.#.#
#...# #...##@####.##...#
##.## ##.###.# #.##.###
#####.# #.# #.# #.##.#


You could see Sigmund.

Vanquished Creatures
  4 adders (D:2)
  5 bats
  An endoplasm (D:1)
  A giant cockroach (D:2)
  7 goblins
  5 hobgoblins
  3 kobolds
  2 quokkas
  2 ball pythons
  A rat (D:2)
31 creatures vanquished.

Notes
Turn   | Place    | Note
-------+----------+-------------------------------------------
     0 | D:1      | styxcanada the Spriggan Brigand began the quest for the
                  | Orb.
     0 | D:1      | Reached XP level 1. HP: 10/10 MP: 2/2
   209 | D:1      | Reached skill level 6 in Stealth
   277 | D:1      | Found Teemys's Distillery.
   296 | D:1      | Reached XP level 2. HP: 14/14 MP: 3/3
   321 | D:1      | Found a faded altar of an unknown god.
  1209 | D:2      | Reached XP level 3. HP: 18/18 MP: 4/4
  1511 | D:2      | Reached skill level 7 in Stealth
  1905 | D:2      | Noticed Sigmund
  2208 | D:2      | Identified the +0 leather armour of Midsummer {rPois}
  2406 | D:2      | Found Kogitaof's Assorted Antiques.
  2415 | D:2      | Bought a scroll labelled COV KUISUU for 17 gold pieces
  2415 | D:2      | Bought an amethyst potion for 15 gold pieces
  2415 | D:2      | Bought a scroll labelled VOIGOFR SOMN for 17 gold pieces
  2415 | D:2      | Bought a brown potion for 15 gold pieces
  2415 | D:2      | Bought a fizzy white potion for 15 gold pieces
  2431 | D:2      | Reached XP level 4. HP: 18/23 MP: 5/5
  2618 | D:2      | HP: 1/23 [Sigmund/puff of flame (10)]
  2671 | D:2      | Killed from afar by Sigmund

Illustrated notes

Levels and vault maps discovered:
D:1:      lightli_arrival_windingriver, layout_basic,
          shapermc_ecumenical_altar_gd, serial_shops, nicolae_shop_statue_plus,
          wad_floor_pattern_untrapped, bh_walls_and_bars
D:2:      layout_loops_ring, serial_shops, shop_statue, uniq_sigmund

Skill      XL: |  1  2  3 |
---------------+----------+-----
Stealth        | 6 7 |  7.4
Dodging        | 2 |  2.6
Fighting       | |  1.8
Short Blades   | |  2.5
Throwing       | |  2.1

Action                   |  1- 3 |  4- 6 || total
-------------------------+-------+-------++-------
Melee: Dagger            |   101 |       ||   101
Throw: Dart              |    17 |    16 ||    33
       Stone             |     1 |     2 ||     3
  Use: Scroll            |     5 |       ||     5
 Stab: Sleeping          |    10 |       ||    10
Armor: Robe              |    14 |     1 ||    15
Dodge: Dodged            |    63 |     5 ||    68
